 Dungeon Crawl Stone Soup version 0.30-a0-743-gbfdf073431 (webtiles) character file.

Game seed: 6851656986825345325

44 Hubris850 the Scratcher (level 3, -9/15 HPs)
             Began as a Felid Transmuter on Feb 6, 2023.
             Mangled by an orc
             ... wielding a +3 hand axe of distortion
              (22 damage)
             ... on level 3 of the Dungeon.
             The game lasted 00:06:39 (1907 turns).

Hubris850 the Scratcher (Felid Transmuter)          Turns: 1907, Time: 00:06:40

Health: -9/15      AC:  2    Str:  6    XL:     3   Next: 39%
Magic:  4/7        EV: 20    Int: 16    God:
Gold:   45         SH:  0    Dex: 21    Spells: 3/7 levels left
                                        Lives:  0   Deaths: 1

rFire   . . .      SeeInvis +      - Unarmed
rCold   . . .      Faith    .    (shield unavailable)
rNeg    . . .      Spirit   .    (body armour unavailable)
rPois   x          Reflect  .    (helmet unavailable)
rElec   .          Harm     .    (cloak unavailable)
rCorr   .          Rampage  .    (gloves unavailable)
Will    .....                    (boots unavailable)
Stlth   ++                       (no amulet)
HPRegen 0.22/turn                c - ring of wizardry
MPRegen 0.10/turn                k - ring of flight

@: spider-form, flying
A: venomous fangs, tiny, (claws 1), (fangs 3), see invisible, (speed 1), (shaggy
fur 1), (stealthy paws), no weapons or thrown items, no armour, multi-lived
a: End Transformation


You were on level 3 of the Dungeon.
You were a venomous arachnid creature.
You visited 1 branch of the dungeon, and saw 4 of its levels.

You collected 45 gold pieces.

Inventory:

Jewellery
 c - a ring of wizardry (left front pincers)
 e - a ring of positive energy
 k - a ring of flight (right front pincers)
Wands
 i - a wand of charming (13)
Scrolls
 h - a scroll of teleportation {unknown}
 j - 3 scrolls of noise {unknown}
 l - a scroll of fog {unknown}
 m - a scroll of enchant weapon {unknown}
 o - 4 scrolls of identify {unknown}
Potions
 a - a potion of lignification
 b - 3 potions of flight {unknown}
 d - a potion of curing {unknown}
 f - 2 potions of haste {unknown}
 g - a potion of cancellation {unknown}
 n - a potion of resistance {unknown}
 p - a potion of attraction {unknown}


   Skills:
 - Level 1.0 Fighting
 - Level 2.6 Dodging
 * Level 4.0 Unarmed Combat
 + Level 2.6 Spellcasting
 + Level 3.0 Transmutations
 + Level 1.0 Ice Magic


You had 3 spell levels left.
You knew the following spells:

 Your Spells              Type           Power      Damage    Failure   Level
a - Beastly Appendage     Tmut           22%        N/A       7%          1
b - Spider Form           Tmut/Pois      6%         N/A       26%         3

Your spell library contained the following spells:

 Spells                   Type           Power      Damage    Failure   Level
 Wereblood                Tmut           11%        N/A       9%          2
 Call Canine Familiar     Summ           2%         N/A       38%         3
 Ice Form                 Ice/Tmut       8%         N/A       47%         4
 Leda's Liquefaction      Hex/Erth       1%         N/A       73%         4
 Portal Projectile        Hex/Tloc       Unusable   N/A       N/A         3

Dungeon Overview and Level Annotations

Branches:
Dungeon (4/15)
 Temple: D:4-7

Altars:

Annotations:
D:1 1 transporter
D:2 Sigmund
D:4 Ijyb


Innate Abilities, Weirdness & Mutations

You are a venomous arachnid creature.
You have venomous fangs.
You are tiny and dextrous.
Your spellcasting is less reliable in this form.
((You have sharp claws.))
((You have razor-sharp teeth.))
You have supernaturally acute eyesight. (SInv)
((You cover ground quickly. (Speed+)))
((You are covered in fur. (AC +1)))
((Your paws help you pounce on unaware monsters.))
You are incapable of wielding weapons or throwing items.
You cannot wear armour.
You gain extra lives every three experience levels.


Message History

There is an open door here.
You see here a staff of fire.
You see here a +0 scale mail.
You reach down and open the door.
There is an open door here.
o - 4 scrolls labelled ZENEGROO WEAN (gained 1)
Found a robe.
No target in view!
You see here a +0 robe.
Found a stone staircase leading up.
Done exploring.
Done exploring.
(D) Dungeon
Where to? (Enter - D:2, ? - help)
You see here a +0 robe.
There is an open door here.
There is a stone staircase leading down here.
You fly downwards.
There is a stone staircase leading up here.
A hobgoblin is nearby!
The hobgoblin shouts!
You completely miss the hobgoblin. The hobgoblin barely misses you.
You claw the hobgoblin!
You kill the hobgoblin!
An endoplasm comes into view.
Things that are here:
a +0 hand axe; a hobgoblin corpse
Casting: Spider Form (astonishingly dangerous; 13% risk of failure)
Confirm with . or Enter, or press ? or * to list all spells.
The spell is astonishingly dangerous to miscast (13% risk of failure)!
Continue anyway?
You turn into a venomous arachnid creature.
You hit the orc but do no damage. The orc completely misses you.
You hit the orc.
The orc is poisoned.
The orc is moderately wounded.
The orc barely misses you. The orc attacks as you move away!
The orc hits you with a +3 hand axe of distortion.
Space warps horribly around you!!
Ouch! That really hurt!
You die...

############ #..........#
#.########.#
#######.########.######
......................#
........########s####<#
######†.##### #o####.###
............# ##J##.....#
.#####..###.###...#.###.#
.# #..# #.....)J# ..# .#
#..###.#.#...#.# ... ##
#...........##... ####
#.####.#.#######.#
######.# #.#. .#


You could see an orc (very poisoned) and an endoplasm.

Vanquished Creatures
  2 adders
  A worm (D:2)
  4 dart slugs (D:2)
  An orc (D:4)
  4 endoplasms
  A giant cockroach (D:1)
  7 goblins
  3 hobgoblins
  4 jackals (D:4)
  2 quokkas (D:2)
  2 ball pythons
  7 bats
  4 frilled lizards
  5 kobolds (D:1)
  3 rats
50 creatures vanquished.

Vanquished Creatures (others)
  A withered plant (D:3)
1 creature vanquished.

Grand Total: 51 creatures vanquished

Notes
Turn   | Place    | Note
-------+----------+-------------------------------------------
     0 | D:1      | Hubris850 the Felid Transmuter began the quest for the Orb.
     0 | D:1      | Reached XP level 1. HP: 9/9 MP: 4/4
   158 | D:1      | Reached XP level 2. HP: 12/12 MP: 6/6
   719 | D:2      | Reached XP level 3. HP: 5/15 MP: 7/7
   787 | D:2      | You fall into a shaft and drop 2 floors!
   824 | D:4      | Noticed Ijyb
  1172 | D:2      | Noticed Sigmund
  1179 | D:2      | Reached XP level 4. HP: 10/19 MP: 8/8
  1182 | D:2      | Mangled by Sigmund
  1183 | D:2      | Reached XP level 3. HP: -6/15 MP: 7/7
  1215 | D:2      | Learned a level 3 spell: Spider Form
  1244 | D:2      | Identified the +3 whip of Devotion {heavy, rN+ Int+5}
  1413 | D:2      | Reached skill level 1 in Ice Magic
  1427 | D:2      | Reached skill level 4 in Unarmed Combat
  1907 | D:3      | Mangled by an orc

Illustrated notes

Levels and vault maps discovered:
D:1:      spicycebolla_arrival_risky_transporter, layout_loops_ring,
          serial_park_tiny_2
D:2:      layout_basic, minmay_pentomino_w4, uniq_sigmund
D:3:      layout_loops_ring, ebering_ecumenical_altar_petrified,
          minmay_misc_feat_tiny
D:4:      layout_basic, uniq_ijyb

Skill      XL: |  1  2  3 |
---------------+----------+-----
Ice Magic      | 1 |  1.0
Unarmed Combat | 4 |  4.0
Transmutations | 3 |  3.0
Fighting       | |  1.0
Dodging        | |  2.6
Spellcasting   | |  2.6

Action                     |  1- 3 |  4- 6 || total
---------------------------+-------+-------++-------
  Melee: Unarmed           |   123 |     2 ||   125
         Bite              |    11 |     1 ||    12
         Headbutt          |     1 |     1 ||     2
   Cast: Spider Form       |     2 |       ||     2
         Beastly Appendage |     1 |     1 ||     2
    Use: Potion            |     1 |       ||     1
   Stab: Sleeping          |     3 |       ||     3
 Armour: Skin              |    11 |       ||    11
  Dodge: Dodged            |    99 |     5 ||   104

Table legend: (Time is in decaauts)
 A = Elapsed time spent in this place.
 B = Non-inter-level travel time spent in this place.
 C = Inter-level travel time spent in this place.
 D = Time resting spent in this place.
 E = Time spent auto-exploring this place.
 F = Levels seen in this place.
 G = Mean time per level.
                   A        B        C        D        E       F      G
               +--------+--------+--------+--------+--------+-----+--------+
         Total |   1607 |   1531 |     76 |    195 |    792 |   4 |  401.8 |
       Dungeon |   1607 |   1531 |     76 |    195 |    792 |   4 |  401.8 |
               +--------+--------+--------+--------+--------+-----+--------+

Top non-repeatable levels by time:
     D:2: 765 daAuts
     D:1: 519 daAuts
     D:3: 161 daAuts
     D:4: 160 daAuts
